 Dungeon Sprint DCSS version 0.30-a0-1124-g6e8f0f562f (webtiles) character file.

Game seed: 10627738490428409549

3300000 PLAYERX the Axe Maniac (level 20, -31/148 HPs)
             Began as a Gargoyle Gladiator on Apr 23, 2023.
             Was the Champion of Makhleb.
             Annihilated by a large bag of meat
             ... wielding a +9 giant spiked club
              (79 damage)
             ... in the Dungeon (Sprint VIII: "Arena of Blood").
             The game lasted 00:04:09 (33 turns).

PLAYERX the Axe Maniac (Gargoyle Gladiator)           Turns: 33, Time: 00:04:10

Health: -31/148    AC: 22    Str: 25    XL:     20   Next: 5%
Magic:  18/38      EV: 22    Int: 11    God:    Makhleb [******]
Gold:   0          SH:  0    Dex: 11    Spells: 47/47 levels left

rFire   . . .        l - +∞ Axe of Woe
rCold   . . .        (shield currently unavailable)
rNeg    + . .        b - +0 leather armour
rPois   ∞            c - +0 helmet
rElec   +            (no cloak)
rCorr   .            (no gloves)
SInv    .            (no boots)
Will    +....        (no amulet)
Stlth   ++++++++     (no ring)
HPRegen 0.44/turn    (no ring)
MPRegen 0.26/turn

%: no teleportation
@: flying
A: sickness immunity, AC +15, big wings, negative energy resistance 1,
electricity resistance, torment resistance 1, petrification resistance
a: Renounce Religion, Minor Destruction, Lesser Servant of Makhleb, Major
Destruction, Greater Servant of Makhleb


You were in the Dungeon.
You worshipped Makhleb.
Makhleb was exalted by your worship.
You visited 1 branch

Inventory:

Hand Weapons
 a - a +0 war axe
 l - the +∞ Axe of Woe (weapon)
   (You found it in the Dungeon)
Missiles
 d - 3 throwing nets (quivered)
 e - a javelin
Armour
 b - a +0 leather armour (worn)
 c - a +0 helmet (worn)
Scrolls
 k - a scroll of blinking
Potions
 f - a potion of curing
 g - a potion of heal wounds
 h - a potion of haste
 i - 2 potions of magic
 j - a potion of berserk rage


   Skills:
 + Level 23.5 Fighting
 O Level 27 Axes
 + Level 15.6(25.5) Maces & Flails
 + Level 14.4(23.7) Polearms
 + Level 15.3(20.2) Staves
 + Level 20.3 Throwing
 + Level 17.0 Armour
 O Level 27 Dodging
 * Level 24.7 Stealth
 + Level 15.5 Unarmed Combat
 + Level 14.1 Spellcasting
 * Level 22.9 Invocations


You had 47 spell levels left.
You didn't know any spells.
Your spell library was empty.

Dungeon Overview and Level Annotations

Branches:
Dungeon (1/1)

Altars:
Makhleb


Innate Abilities, Weirdness & Mutations

You are immune to sickness and miasma.
Your stone body is resilient. (AC +15)
You are immune to poison.
Your large and strong wings let you fly.
You resist negative energy. (rN+)
You are resistant to electric shocks. (rElec)
You are resistant to unholy torment.
You are immune to petrification.


Message History

You feel better.
You hit the large bag of meat but do no damage.
You dissect the large bag of meat like a pig carcass.
Makhleb accepts your kill.
You feel better.
The large bag of meat explodes!
The fiery explosion engulfs the large bag of meat!!
The fiery explosion engulfs the bag of meat!!
The fiery explosion engulfs you!!
You are engulfed in blazing flames.
You hear a shout! x3
The large bag of meat is engulfed in blazing flames.
The bag of meat is engulfed in blazing flames.
You hear a shout! x5
A destroyer comes into view. It is wielding a +9 heavy great sword.
You hear a shout! x3
The meat berserker rages.
You hear a shout!
Your Fighting skill increases to level 23!
Your base Maces & Flails skill increases to level 15!
Your base Polearms skill increases to level 14!
Your base Staves skill increases to level 15!
Your Throwing skill increases to level 20!
Your Armour skill increases to level 17!
Your Stealth skill increases to level 24!
Your Unarmed Combat skill increases to level 15!
Your Spellcasting skill increases to level 14!
Your Invocations skill increases to level 22!
You have reached level 20!
You feel stronger.
A meat berserker, a bag of meat and 3 destroyers come into view.
A destroyer is wielding a +9 heavy great sword.
A destroyer is wielding a +9 heavy great sword.
A destroyer is wielding a +9 heavy great sword.
The destroyer shouts!
You hear a shout!
The destroyer points at you and mumbles some strange words.
The destroyer blinks!
You hear a shout! x5
The large bag of meat is engulfed in blazing flames.
The large bag of meat hits you with a +9 giant spiked club!!!
The large bag of meat hits you with a +9 giant spiked club!!!!
Ouch! That really hurt!
You die...

.###.. ...###....
......###.........
......_.......O.o
#.....#.......
#_.<)_#.......
..#.D...#..o...#
......_.V...O....
...V..###..).§.V..
.###.....)@###....
#....oO§# ...
#....§o§# .
.....§§§.
....o.....
...........
.........##.
........#. ..
........#. ##


You could see an eight-headed meat hydra (drained), 3 destroyers, a large bag of
meat (inner flame), 2 meat berserkers and 5 bags of meat.

Vanquished Creatures
  A vampire knight (D)
  7 ogres (D)
  A two-headed ogre (D)
  22 orcs (D)
  A skeletal warrior (D)
32 creatures vanquished.

Notes
Turn   | Place    | Note
-------+----------+-------------------------------------------
     0 | D        | Found the +∞ Axe of Woe
     0 | D        | PLAYERX the Gargoyle Gladiator began the quest for the Orb.
     0 | D        | Reached XP level 1. HP: 12/12 MP: 1/1
     0 | D        | Noticed a bag of meat
     2 | D        | Noticed a bag of meat
     4 | D        | Became a worshipper of Makhleb the Destroyer
     5 | D        | Killed a bag of meat
     6 | D        | Reached skill level 15 in Axes
     6 | D        | Reached XP level 2. HP: 27/27 MP: 2/2
     6 | D        | Reached XP level 3. HP: 31/31 MP: 3/3
     6 | D        | Reached XP level 4. HP: 36/36 MP: 4/4
     6 | D        | Reached XP level 5. HP: 41/41 MP: 5/5
     6 | D        | Reached XP level 6. HP: 46/46 MP: 6/6
     6 | D        | Reached XP level 7. HP: 51/51 MP: 7/7
     6 | D        | Reached XP level 8. HP: 56/56 MP: 8/8
     6 | D        | Reached XP level 9. HP: 60/60 MP: 9/9
     6 | D        | Reached XP level 10. HP: 66/66 MP: 10/10
     6 | D        | Reached XP level 11. HP: 71/71 MP: 11/11
     6 | D        | Noticed a bag of meat
     6 | D        | Noticed a meat berserker
     7 | D        | Killed a bag of meat
     7 | D        | Reached * piety under Makhleb
     8 | D        | Reached skill level 10 in Fighting
     8 | D        | Reached XP level 12. HP: 77/77 MP: 12/12
     8 | D        | Noticed a bag of meat
     8 | D        | Noticed a bag of meat
    10 | D        | Noticed a bag of meat
    10 | D        | Noticed a bag of meat
    10 | D        | Noticed a bag of meat
    10 | D        | Noticed a bag of meat
    11 | D        | Killed a meat berserker
    11 | D        | Noticed a bag of meat
    12 | D        | Reached skill level 10 in Throwing
    12 | D        | Reached XP level 13. HP: 85/85 MP: 13/13
    12 | D        | Killed a bag of meat
    12 | D        | Noticed a bag of meat
    13 | D        | Noticed a bag of meat
    13 | D        | Noticed a bag of meat
    13 | D        | Noticed a bag of meat
    14 | D        | Killed a bag of meat
    14 | D        | Reached ** piety under Makhleb
    14 | D        | Killed a bag of meat
    14 | D        | Noticed a meat berserker
    14 | D        | Noticed a bag of meat
    15 | D        | Gained mutation: Your large and strong wings let you fly.
                  | [Gargoyle growth]
    15 | D        | Reached XP level 14. HP: 95/95 MP: 14/14
    15 | D        | Killed a bag of meat
    15 | D        | Killed a bag of meat
    15 | D        | Reached *** piety under Makhleb
    15 | D        | Noticed a bag of meat
    15 | D        | Noticed a bag of meat
    15 | D        | Noticed a meat berserker
    16 | D        | Reached XP level 15. HP: 101/101 MP: 15/15
    17 | D        | Reached skill level 15 in Fighting
    17 | D        | Noticed a meat berserker
    17 | D        | Noticed a meat berserker
    18 | D        | Noticed a meat berserker
    19 | D        | Reached **** piety under Makhleb
    20 | D        | Reached skill level 27 in Axes
    20 | D        | Reached skill level 15 in Throwing
    20 | D        | Reached XP level 16. HP: 113/113 MP: 16/16
    21 | D        | Reached skill level 5 in Stealth
    21 | D        | Killed a meat berserker
    21 | D        | Killed a meat berserker
    21 | D        | Reached ***** piety under Makhleb
    21 | D        | Noticed a meat berserker
    22 | D        | Reached skill level 5 in Spellcasting
    22 | D        | Reached XP level 17. HP: 122/122 MP: 16/25
    22 | D        | Noticed a destroyer
    23 | D        | Noticed a large bag of meat
    23 | D        | Killed a meat berserker
    23 | D        | Killed a meat berserker
    24 | D        | Reached skill level 10 in Armour
    24 | D        | Reached skill level 15 in Stealth
    24 | D        | Killed a meat berserker
    24 | D        | Noticed a large bag of meat
    25 | D        | Reached skill level 10 in Polearms
    25 | D        | Reached skill level 10 in Staves
    25 | D        | Reached skill level 27 in Dodging
    25 | D        | Reached XP level 18. HP: 131/131 MP: 16/31
    26 | D        | Reached skill level 10 in Spellcasting
    26 | D        | Reached ****** piety under Makhleb
    28 | D        | Killed a meat berserker
    28 | D        | Noticed a meat berserker
    29 | D        | Reached XP level 19. HP: 139/139 MP: 17/34
    29 | D        | Noticed an eight-headed meat hydra
    29 | D        | Killed a destroyer
    30 | D        | Reached skill level 15 in Armour
    30 | D        | Noticed a sculptor of flesh
    30 | D        | Killed a sculptor of flesh
    32 | D        | Killed a large bag of meat
    32 | D        | Noticed a destroyer
    33 | D        | Reached skill level 15 in Maces & Flails
    33 | D        | Reached skill level 15 in Staves
    33 | D        | Reached skill level 15 in Unarmed Combat
    33 | D        | Reached XP level 20. HP: 110/148 MP: 17/38
    33 | D        | Noticed a meat berserker
    33 | D        | Noticed a destroyer
    33 | D        | Noticed a destroyer
    33 | D        | Noticed a destroyer
    33 | D        | Annihilated by a large bag of meat

Illustrated notes

Levels and vault maps discovered:
D:        meatsprint

Skill      XL: |  1  2  3  4  5  6  7  8  9 10 11 12 13 14 15 16 17 18 19 |
---------------+----------------------------------------------------------+-----
Fighting       | 9 10 11 13 14 17 19 20 22 23 | 23.5
Axes           | 15 18 20 23 25 27 | 27.0
Throwing       | 8 9 10 12 13 15 16 17 19 20 | 20.3
Dodging        | 14 16 18 20 21 24 25 27 | 27.0
Maces & Flails | 7 11 13 15 | 15.6
Polearms       | 6 10 12 14 | 14.4
Armour         | 7 12 14 17 | 17.0
Stealth        | 12 17 21 24 | 24.7
Unarmed Combat | 7 11 13 15 | 15.5
Invocations    | 11 16 19 22 | 22.9
Staves         | 6 10 12 15 | 15.3
Spellcasting   | 5 9 11 14 | 14.1

Action                     |  1- 3 |  4- 6 |  7- 9 | 10-12 | 13-15 | 16-18 | 19-21 || total
---------------------------+-------+-------+-------+-------+-------+-------+-------++-------
  Melee: Executioner's axe |     1 |       |       |     2 |     6 |     8 |     3 ||    20
 Invoke: Major Destruction |       |       |       |       |       |     1 |     1 ||     2
  Dodge: Dodged            |       |       |       |       |     2 |       |       ||     2

Table legend: (Time is in decaauts)
 A = Elapsed time spent in this place.
 B = Non-inter-level travel time spent in this place.
 C = Inter-level travel time spent in this place.
 D = Time resting spent in this place.
 E = Time spent auto-exploring this place.
 F = Levels seen in this place.
 G = Mean time per level.
                   A        B        C        D        E       F      G
               +--------+--------+--------+--------+--------+-----+--------+
         Total |     28 |     28 |      0 |      0 |      0 |   1 |   28.0 |
       Dungeon |     28 |     28 |      0 |      0 |      0 |   1 |   28.0 |
               +--------+--------+--------+--------+--------+-----+--------+

Top non-repeatable levels by time:
       D: 28 daAuts
